 Dungeon Sprint DCSS version 0.31-a0-1511-g961fd35ebc (webtiles) character file.

Game seed: 11300481829492128109

1259 Groucho the Thaumaturge (level 8, -23/58 (70) HPs)
             Began as a Djinni Fire Elementalist on Dec 30, 2023.
             Was a Believer of Dithmenos.
             Killed from afar by Josephine (38 damage)
             ... with a ghostly fireball
             ... in the Dungeon (Sprint III: "The Ten Rune Challenge").
             The game lasted 00:06:04 (2248 turns).

Groucho the Thaumaturge (Djinni Fire Elementalist)  Turns: 2248, Time: 00:06:04

HP:   -23/58 (70)   AC:  3    Str:  7    XL:     8   Next: 81%
Gold: 52            EV: 15    Int: 18    God:    Dithmenos [**....] SH:  0 Dex: 15

rFire   + + .        (no weapon)
rCold   x . .        (no shield)
rNeg    . . .        a - +0 robe
rPois   ∞            (no helmet)
rElec   .            g - +0 cloak
rCorr   .            (no gloves)
SInv    .            (boots unavailable)
Will    .....        (no amulet)
Stlth   ++           (no ring)
HPRegen 0.29/turn    (no ring)
MPRegen 0.00/turn

%: no teleportation, infuse magic (-24 HP)
@: flying, wreathed by umbra, heavily drained
A: sickness immunity, fire resistance 2, cold vulnerability 1, float, innate
caster, HP casting, extra vitality 1
a: Renounce Religion, Shadow Step


You were in the Dungeon.
You worshipped Dithmenos.
Dithmenos was pleased with you.
You visited 1 branch You collected 52 gold pieces.

Inventory:

Armour
 a - a +0 robe (worn)
 g - a +0 cloak (worn)
 n - a +0 ring mail
Wands
 m - a wand of charming (6)
 o - a wand of flame (21)
Scrolls
 f - a scroll of blinking
 i - a scroll of torment {unknown}
 j - 3 scrolls of identify
 l - a scroll of immolation {unknown}
Potions
 b - a potion of curing
 d - a potion of haste
 e - a potion of berserk rage
 h - 5 potions of mutation
 k - 3 potions of enlightenment


   Skills:
 + Level 10.6 Fighting
 + Level 5.1 Armour
 + Level 6.2 Dodging
 - Level 1.5 Stealth
 + Level 10.7 Spellcasting
 + Level 10.7 Conjurations
 + Level 10.7 Hexes
 + Level 10.7 Summonings
 + Level 10.7 Necromancy
 + Level 10.7 Translocations
 + Level 10.7 Fire Magic
 + Level 10.7 Ice Magic
 + Level 10.7 Air Magic
 + Level 10.7 Earth Magic
 + Level 10.7 Alchemy


You knew the following spells:

 Your Spells              Type           Power      Damage    Failure   Level
a - Foxfire               Conj/Fire      100%       2x1d9     1%          1
b - Scorch                Fire           96%        2d9       1%          2
c - Volatile Blastmotes   Fire/Tloc      96%        2d18      1%          3
d - Inner Flame           Hex/Fire       48%        N/A       1%          3
e - Flame Wave            Conj/Fire      48%        2d12      1%          4
f - Apportation           Tloc           96%        N/A       1%          1
g - Blink                 Tloc           96%        N/A       1%          2
h - Ensorcelled Hibernat  Hex/Ice        96%        N/A       1%          2
Your spell library was empty.

Dungeon Overview and Level Annotations

Branches:
Dungeon (1/1)

Altars:
Cheibriados
Dithmenos
Elyvilon
Fedhas
Gozag
Hepliaklqana
Makhleb
Nemelex Xobeh
Okawaru
Qazlal
Ru
Trog
Uskayaw
Wu Jian
Xom
Yredelemnul
Zin
The Shining One
Jiyva
Lugonu

Annotations:
D Josephine


Innate Abilities, Weirdness & Mutations

You are immune to sickness and miasma.
You are immune to poison.
Your flesh is very heat resistant. (rF++)
You are vulnerable to cold. (rC-)
You float through the air rather than walking.
You learn spells naturally, not from books.
Your magical power is your life essence.
You have superior vitality. (+4 MHP)


Message History

You feel much better.
Josephine splashes around in the water.
What are your orders? t - Shout!
Orders for allies: a - Attack new target. r - Retreat! s - Stop attacking. g - Guard the area. f - Follow me.
Anything else - Cancel.
Okay, then.
Casting: Flame Wave (dangerous; 1% risk of failure)
Confirm with . or Enter, or press ? or * to list all spells.
Casting: Flame Wave (dangerous; 1% risk of failure)
Press: ? - help, Dir - look around, f - activate A wave of flame ripples out!
The flame wave engulfs Josephine.
Josephine resists.
Josephine is almost dead. (Press . to intensify the flame waves.) Josephine casts a spell at you.
The ghostly flame explodes!
The ghostly fireball engulfs you!
You feel drained.
The ghostly fireball engulfs Josephine.
Josephine completely resists.
Unknown command.
Unknown command.
A wave of flame ripples out!
The flame wave engulfs Josephine!
Josephine resists.
Josephine is almost dead.
Josephine hits you with a +0 dagger!
* * * LOW HITPOINT WARNING * * *
Unknown command.
Unknown command.
Unknown command.
Okay, then.
A wave of flame ripples out!
The flame wave engulfs Josephine.
Josephine resists.
Josephine is almost dead.
* * * LOW HITPOINT WARNING * * *
You finish channelling waves of flame.
Josephine points at you and mumbles some strange words.
The ghostly flame explodes!
The ghostly fireball engulfs you!!!
You feel drained.
Ouch! That really hurt!
You die...

##.############
#..#___#___#__#
#..#...#__.#._#
#..###'#'###'##
#..#...)......#
...'.⌠........#
...#...######'#
...#)).#__#...#+#####
...#...#__#...#.@@§§+
...#'###__#...#.#§§§#
...#.:.#__#...'.#§§.#
...#___#__'...#.#§..#
▓▓▓▓▓▓▓▓▓▓▓▓▓▓▓▓▓▓▓▓▓


You could see Josephine.

Vanquished Creatures
  A deep elf pyromancer (D)
  A shadow (D)
  A spatial vortex (D)
  A water elemental (D)
  A necrophage (D)
  Crazy Yiuf (D)
  A jelly (D)
  Jessica (D)
  An arcanist (D)
  A necromancer (D)
  A kobold demonologist (D)
  3 humans (D)
  An endoplasm (D)
  2 rats (D)
17 creatures vanquished.

Vanquished Creatures (collateral kills)
  3 foxfires (D)
3 creatures vanquished.

Vanquished Creatures (others)
  124 foxfires (D)
124 creatures vanquished.

Grand Total: 144 creatures vanquished

Notes
Turn   | Place    | Note
-------+----------+-------------------------------------------
     0 | D        | Groucho the Djinni Fire Elementalist began the quest for
                  | the Orb.
     0 | D        | Groucho set off with the following spells memorised:
                  | Foxfire, Scorch, Volatile Blastmotes, Inner Flame, Flame
                  | Wave.
     0 | D        | Reached XP level 1. HP: 15/15 MP: 0/0
   139 | D        | Noticed Jessica
   143 | D        | Killed Jessica
   144 | D        | Reached skill level 5 in Spellcasting
   144 | D        | Reached skill level 5 in Conjurations
   144 | D        | Reached skill level 5 in Hexes
   144 | D        | Reached skill level 5 in Summonings
   144 | D        | Reached skill level 5 in Necromancy
   144 | D        | Reached skill level 5 in Translocations
   144 | D        | Reached skill level 5 in Fire Magic
   144 | D        | Reached skill level 5 in Ice Magic
   144 | D        | Reached skill level 5 in Air Magic
   144 | D        | Reached skill level 5 in Earth Magic
   144 | D        | Reached skill level 5 in Alchemy
   144 | D        | Reached XP level 2. HP: 16/21 MP: 0/0
   144 | D        | Reached XP level 3. HP: 19/25 MP: 0/0
   144 | D        | Learned a level 1 spell: Apportation
   191 | D        | Noticed Crazy Yiuf
   198 | D        | Killed Crazy Yiuf
   199 | D        | Reached XP level 4. HP: 15/31 MP: 0/0
   538 | D        | Noticed a water elemental
   540 | D        | Killed a water elemental
   541 | D        | Reached XP level 5. HP: 39/41 MP: 0/0
   541 | D        | Learned a level 2 spell: Blink
   716 | D        | Found a shadowy altar of Dithmenos.
   721 | D        | Reached skill level 5 in Fighting
   721 | D        | Reached XP level 6. HP: 39/49 MP: 0/0
   722 | D        | Found a basalt altar of Yredelemnul.
   722 | D        | Found a sacrificial altar of Ru.
   726 | D        | Became a worshipper of Dithmenos the Shadowed
  1205 | D        | Found a hide-covered altar of Uskayaw.
  1205 | D        | Found an iron altar of Okawaru.
  1207 | D        | Found a bloodstained altar of Trog.
  1208 | D        | Found an ornate altar of the Wu Jian Council.
  1208 | D        | Noticed a human
  1212 | D        | Noticed a human
  1213 | D        | Killed a human
  1213 | D        | Reached * piety under Dithmenos
  1214 | D        | Reached XP level 7. HP: 56/60 MP: 0/0
  1214 | D        | Learned a level 2 spell: Ensorcelled Hibernation
  1218 | D        | Killed a human
  1362 | D        | Found a glowing silver altar of Zin.
  1365 | D        | Found a glowing golden altar of the Shining One.
  1367 | D        | Found a white marble altar of Elyvilon.
  1368 | D        | Noticed a deep elf pyromancer
  1373 | D        | Noticed a fire elemental
  1373 | D        | Noticed a fire elemental
  1386 | D        | Killed a deep elf pyromancer
  1387 | D        | Reached skill level 10 in Fighting
  1387 | D        | Reached skill level 5 in Dodging
  1387 | D        | Reached skill level 10 in Spellcasting
  1387 | D        | Reached skill level 10 in Conjurations
  1387 | D        | Reached skill level 10 in Hexes
  1387 | D        | Reached skill level 10 in Summonings
  1387 | D        | Reached skill level 10 in Necromancy
  1387 | D        | Reached skill level 10 in Translocations
  1387 | D        | Reached skill level 10 in Fire Magic
  1387 | D        | Reached skill level 10 in Ice Magic
  1387 | D        | Reached skill level 10 in Air Magic
  1387 | D        | Reached skill level 10 in Earth Magic
  1387 | D        | Reached skill level 10 in Alchemy
  1387 | D        | Reached XP level 8. HP: 36/68 MP: 0/0
  1631 | D        | Reached ** piety under Dithmenos
  1634 | D        | Noticed a shadow
  1644 | D        | Killed a shadow
  1968 | D        | Found a blossoming altar of Fedhas.
  1968 | D        | Found a stormy altar of Qazlal.
  1968 | D        | Found a snail-covered altar of Cheibriados.
  1968 | D        | Found a burning altar of Makhleb.
  1968 | D        | Found a shimmering altar of Xom.
  1969 | D        | Found a hazy altar of Hepliaklqana.
  1969 | D        | Found an opulent altar of Gozag.
  1969 | D        | Found a sparkling altar of Nemelex Xobeh.
  1969 | D        | Found a corrupted altar of Lugonu.
  1969 | D        | Found a viscous altar of Jiyva.
  2033 | D        | Reached skill level 5 in Armour
  2232 | D        | Noticed Josephine
  2248 | D        | Killed from afar by Josephine

Illustrated notes

Levels and vault maps discovered:
D:        dungeon_sprint_mu [sprint_mu_entry_cave, sprint_mu_temple_rooms,
          sprint_mu_d1_horrors, sprint_mu_d2_genie, sprint_mu_d3_branching,
          sprint_mu_orc_legion, sprint_mu_elf_gauntlet, sprint_mu_hive_nellie,
          sprint_mu_lair_fedhas, sprint_mu_vaults_butterflies,
          sprint_mu_slime_circle, sprint_mu_swamp_cave, sprint_mu_snake_twists,
          sprint_mu_blade_basic, sprint_mu_crypt_fortress,
          sprint_mu_tomb_spiral, sprint_mu_vestibule_basic,
          sprint_mu_gehenna_hellfire, sprint_mu_dis_giant,
          sprint_mu_tartarus_statrot, sprint_mu_cocytus_islands, sprint_mu_zot1]

Skill      XL: |  1  2  3  4  5  6  7  8 |
---------------+-------------------------+-----
Spellcasting   | 5 6 7 8 9 10 | 10.7
Conjurations   | 5 6 7 8 9 10 | 10.7
Hexes          | 5 6 7 8 9 10 | 10.7
Summonings     | 5 6 7 8 9 10 | 10.7
Necromancy     | 5 6 7 8 9 10 | 10.7
Translocations | 5 6 7 8 9 10 | 10.7
Fire Magic     | 5 6 7 8 9 10 | 10.7
Ice Magic      | 5 6 7 8 9 10 | 10.7
Air Magic      | 5 6 7 8 9 10 | 10.7
Earth Magic    | 5 6 7 8 9 10 | 10.7
Alchemy        | 5 6 7 8 9 10 | 10.7
Fighting       | 3 5 8 10 | 10.6
Armour         | 4 5 |  5.1
Dodging        | 5 6 |  6.2
Stealth        | |  1.5

Action                     |  1- 3 |  4- 6 |  7- 9 || total
---------------------------+-------+-------+-------++-------
  Melee: Unarmed           |       |       |     1 ||     1
   Cast: Foxfire           |    18 |    17 |    45 ||    80
         Scorch            |       |     7 |     4 ||    11
         Flame Wave        |       |     2 |     6 ||     8
         Blink             |       |       |     1 ||     1
    Use: Potion            |       |       |     2 ||     2
 Armour: Robe              |     2 |     6 |    23 ||    31
  Dodge: Dodged            |     3 |     5 |    15 ||    23

Table legend: (Time is in decaauts)
 A = Elapsed time spent in this place.
 B = Non-inter-level travel time spent in this place.
 C = Inter-level travel time spent in this place.
 D = Time resting spent in this place.
 E = Time spent auto-exploring this place.
 F = Levels seen in this place.
 G = Mean time per level.
                   A        B        C        D        E       F      G
               +--------+--------+--------+--------+--------+-----+--------+
         Total |   2248 |   2248 |      0 |   1850 |      6 |   1 | 2248.0 |
       Dungeon |   2248 |   2248 |      0 |   1850 |      6 |   1 | 2248.0 |
               +--------+--------+--------+--------+--------+-----+--------+

Top non-repeatable levels by time:
       D: 2248 daAuts
